 Dungeon Crawl Stone Soup version 0.31.0-12-g77e489cdc1 (webtiles) character file.

Game seed: 13112488675841885626

7 Maffolandro the Covered (level 1, -7/18 HPs)
             Began as an Armataur Fighter on Feb 18, 2024.
             Succumbed to a goblin's poison
             ... on level 1 of the Dungeon.
             The game lasted 00:00:53 (231 turns).

Maffolandro the Covered (Armataur Fighter)           Turns: 231, Time: 00:00:54

Health: -7/18      AC:  7    Str: 21    XL:     1   Next: 83%
Magic:  1/1        EV:  7    Int:  8    God:
Gold:   17         SH:  4    Dex:  9    Spells: 0/0 levels left

rFire   . . .        a - +0 flail
rCold   . . .        c - +0 buckler
rNeg    . . .        b - +0 scale mail
rPois   .            (no helmet)
rElec   .            (no cloak)
rCorr   .            (no gloves)
SInv    .            (no barding)
Will    .....        (no amulet) Stlth
                     (no ring)
HPRegen 0.23/turn    (no ring)
MPRegen 0.40/turn

%: roll
@: lethally poisoned (-7 -> -38)
A: large, deformed body, tough skin 3, armoured tail, roll 1
a: no special abilities


You were on level 1 of the Dungeon.
You visited 1 branch of the dungeon, and saw 1 of its levels.

You collected 17 gold pieces.

Inventory:

Hand Weapons
 a - a +0 flail (weapon)
Armour
 b - a +0 scale mail (worn)
 c - a +0 buckler (worn)
Jewellery
 e - a ring of ice
Scrolls
 f - a scroll of immolation {unknown}
 g - a scroll of teleportation {unknown}
Potions
 d - a potion of might


   Skills:
 + Level 2.8 Fighting
 * Level 2.0 Maces & Flails
 + Level 3.7 Armour
 + Level 3.4 Shields


You couldn't memorise any spells.
You didn't know any spells.
Your spell library was empty.

Dungeon Overview and Level Annotations

Branches:
Dungeon (1/15)

Altars:

Shops:
D:1 [


Innate Abilities, Weirdness & Mutations

Armour fits poorly on your strangely shaped body.
You have extremely tough skin. (AC +3)
You have a long armoured tail.
You regenerate magic when rolling toward enemies. (Rampage MPRegen)


Message History

The quokka bites you but does no damage.
You closely miss the quokka.
The quokka bites you but does no damage.
The quokka bites you.
You barely miss the quokka.
The quokka bites you but does no damage.
You barely miss the quokka.
Your tail-slap misses the quokka.
The quokka bites you but does no damage. x2
You miss the quokka. The quokka closely misses you.
You thump the quokka!
You kill the quokka!
You see here a quokka corpse.
HP restored.
A bat comes into view.
You see here a quokka corpse.
You roll towards the bat!
You barely miss the bat.
Your tail-slap misses the bat.
The bat hits you but does no damage. The bat hits you but does no damage.
You see here a quokka corpse.
You barely miss the bat. You tail-slap the bat.
You kill the bat!
A goblin comes into view. It is wielding a +2 dagger of venom.
You see here a quokka corpse.
You roll towards the goblin!
You closely miss the goblin.
The goblin hits you with a +2 dagger of venom.
You are poisoned.
You barely miss the goblin.
You feel very sick. The goblin hits you but does no damage.
You are more poisoned.
The goblin hits you with a +2 dagger of venom.
You are more poisoned.
You hit the goblin but do no damage.
* * * LOW HITPOINT WARNING * * *
You feel extremely sick. The goblin hits you but does no damage.
You are more poisoned.
You closely miss the goblin.
Ouch! That really hurt!
You die...

#.... #. .......# ... +....
#.###......# ..# #...#
#..........### ..## ###...#
#......#.....##...###......
#......#..............###.#
.......#.........####+#...#
.......#...........#......#
#...g@........#...>...
#.#...###.....#...<.##
#+######..............
#....######.....
#...............
#....#####......
##.......#.#'#..
#######...#.### #######.#


You could see a goblin.

Vanquished Creatures
  A goblin (D:1)
  A hobgoblin (D:1)
  A quokka (D:1)
  A ball python (D:1)
  A bat (D:1)
  A kobold (D:1)
  A rat (D:1)
7 creatures vanquished.

Notes
Turn   | Place    | Note
-------+----------+-------------------------------------------
     0 | D:1      | Maffolandro the Armataur Fighter began the quest for the
                  | Orb.
     0 | D:1      | Reached XP level 1. HP: 18/18 MP: 1/1
    67 | D:1      | Found Plog's Armour Shoppe.
   231 | D:1      | Succumbed to a goblin's poison

Illustrated notes

Levels and vault maps discovered:
D:1:      evilmike_arrival_grusome_pit, layout_basic, serial_shops, shop

Skill      XL: |  1 |
---------------+----+-----
Maces & Flails | 2 |  2.0
Fighting       | |  2.8
Armour         | |  3.7
Shields        | |  3.4

Action                     || total
---------------------------++-------
  Melee: Flail             ||    21
         Tailslap          ||     2
 Armour: Scale mail        ||    15
  Dodge: Dodged            ||     4
  Block: Buckler           ||     1
